 Dungeon Crawl Stone Soup version 0.21.1-1-g345015f (webtiles) character file.

743 unrecovered the Covert (level 7, -1/50 HPs)
             Began as an Octopode Monk on Feb 5, 2018.
             Was a Believer of Vehumet.
             Slain by an ogre
             ... wielding a +0 giant spiked club
              (23 damage)
             ... on level 3 of the Dungeon.
             The game lasted 00:19:04 (4050 turns).

unrecovered the Covert (Octopode Monk)              Turns: 4050, Time: 00:19:04

Health: -1/50      AC:  3    Str: 10    XL:     7   Next: 76%
Magic:  7/7        EV: 14    Int: 14    God:    Vehumet [**....]
Gold:   123        SH:  0    Dex: 15    Spells: 4/6 levels left

rFire    . . .     SeeInvis .   y - +4 quarterstaff (chaos)
rCold    . . .     Gourm    .   (shield currently unavailable)
rNeg     . . .     Faith    .   c - +2 hat
rPois    .         Spirit   .   (no amulet)
rElec    .         Reflect  .   (no ring)
rCorr    .         Harm     .   (no ring)
MR       .....                  (no ring)
Stlth    +++++.....             (no ring)
HPRegen  0.16/turn              (no ring)
MPRegen  0.10/turn              (no ring)
                                (no ring)
                                (no ring)

@: no status effects
A: almost no armour, stealthy swim, amphibious, 8 rings, constrict 8, camouflage
1, gelatinous body 1
a: Renounce Religion


You were on level 3 of the Dungeon.
You worshipped Vehumet.
Vehumet was pleased with you.
You were not hungry.

You visited 1 branch of the dungeon, and saw 4 of its levels.

You collected 123 gold pieces.

Inventory:

Hand Weapons
 a - a +0 short sword
 g - a +3 dagger
 w - a +0 dagger of electrocution
 y - a +4 quarterstaff of chaos (weapon)
Armour
 c - a +2 hat (worn)
Wands
 q - a wand of digging (15)
 s - a wand of acid (9)
Scrolls
 h - 2 scrolls of amnesia
 i - a scroll of remove curse {unknown}
 j - a scroll of identify {unknown}
 l - 2 scrolls of immolation {unknown}
 p - a scroll of fog
 t - a scroll of fear {unknown}
 v - 2 scrolls of enchant weapon {unknown}
 z - a scroll of magic mapping {unknown}
 B - a scroll of enchant armour {unknown}
Potions
 d - 2 potions of haste {unknown}
 e - 2 potions of brilliance {unknown}
 f - 2 potions of heal wounds {unknown}
 k - a potion of agility {unknown}
 m - a potion of berserk rage {unknown}
 n - a potion of invisibility {unknown}
 o - a potion of ambrosia {unknown}
 r - 2 potions of lignification {unknown}
 u - 2 potions of curing {unknown}
 x - a potion of mutation {unknown}
Comestibles
 b - 5 rations
 A - 2 chunks of flesh


   Skills:
 - Level 5.0 Fighting
 - Level 5.0 Short Blades
 - Level 3.0 Dodging
 * Level 8.8 Stealth
 + Level 0.3 Spellcasting
 + Level 1.3 Poison Magic


You had 4 spell levels left.
You knew the following spells:

 Your Spells              Type           Power        Failure   Level  Hunger
a - Sting                 Conj/Pois      #...         22%         1    ##.....
b - Magic Dart            Conj           #...         28%         1    ##.....


Dungeon Overview and Level Annotations

Branches:
Dungeon (4/15)
 Temple: D:4-7

Altars:
Hepliaklqana
Kikubaaqudgha
Makhleb
Okawaru
Qazlal
Ru
Vehumet
The Shining One

Shops:
D:4 :


Innate Abilities, Weirdness & Mutations

You cannot wear most types of armour.
You are very stealthy in the water. (Stealth+)
You are amphibious.
You can wear up to eight rings at the same time.
You can use your tentacles to constrict eight enemies at once.
Your skin changes colour to match your surroundings (Stealth+).
Your rubbery body absorbs attacks. (AC +1, EV +1)


Message History

Vehumet accepts your kill.
You hit the rat.
You kill the rat!
Vehumet accepts your kill.
Items here: ††††† a rat corpse; a river rat corpse x3; a rat corpse
There is a stone staircase leading up here.
You climb upwards.
There is a stone staircase leading down here.
You thump the ogre! You freeze the ogre.
The ogre is severely wounded.
The ogre misses you.
You closely miss the ogre.
The ogre is severely wounded.
The ogre hits you with a giant spiked club!!
You barely miss the ogre.
The ogre is severely wounded.
The ogre barely misses you.
The ogre hits you with a giant spiked club!!
You die...

#.# ### ##### #.# #...# #.#
#...###########>#
###............##.#
.........#####.##.########
...........# #.##........#
.........#.###.##O.#.....#
###....###......@.>......####
##....# #####..............#####
##...).## #.#...#............#
#.##.#..######.##........##.###.#
.###.#.........##.#####.###.# #.#
#.##.##.#########.# #.# #.###.#
##.#.#.## ##+## #.###.....#
##.(.## ##...## #.........#
##.#### ##.....###########.#


You could see an ogre.

Vanquished Creatures
  Sigmund (D:2)
  An ogre (D:4)
  A phantom (D:4)
  Blork the orc (D:4)
  Crazy Yiuf (D:3)
  Ijyb (D:2)
  An iguana (D:4)
  A worker ant (D:4)
  2 hound zombies (D:4)
  Robin (D:3)
  4 adders
  4 river rats (D:4)
  An ooze (D:4)
  A worm (D:2)
  A dart slug (D:2)
  2 leopard geckos
  11 orcs
  2 ball pythons
  7 giant cockroaches
  18 goblins
  10 hobgoblins
  11 jackals
  2 quokkas (D:4)
  12 bats
  4 frilled lizards
  9 kobolds
  8 rats
118 creatures vanquished.

Notes
Turn   | Place    | Note
-------+----------+-------------------------------------------
     0 | D:1      | unrecovered the Octopode Monk began the quest for the Orb.
     0 | D:1      | Reached XP level 1. HP: 16/16 MP: 1/1
    52 | D:1      | Reached skill level 3 in Stealth
    71 | D:1      | Found a glowing golden altar of the Shining One.
   122 | D:1      | Reached XP level 2. HP: 19/21 MP: 2/2
   342 | D:1      | You fall through a shaft!
   399 | D:1      | Reached XP level 3. HP: 26/26 MP: 3/3
   418 | D:1      | Reached skill level 4 in Stealth
   750 | D:2      | Reached XP level 4. HP: 31/31 MP: 4/4
  1083 | D:2      | Noticed Sigmund
  1112 | D:2      | Killed Sigmund
  1112 | D:2      | Reached skill level 6 in Stealth
  1112 | D:2      | Reached XP level 5. HP: 37/37 MP: 5/5
  1112 | D:2      | Reached XP level 6. HP: 43/43 MP: 6/6
  1498 | D:3      | Noticed Ijyb
  1524 | D:2      | Killed Ijyb
  1667 | D:3      | Found a sacrificial altar of Ru.
  1967 | D:3      | Found a runed door.
  1999 | D:3      | Noticed Crazy Yiuf
  2003 | D:3      | Killed Crazy Yiuf
  2003 | D:3      | Reached skill level 7 in Stealth
  2440 | D:3      | Noticed Robin
  2464 | D:3      | Killed Robin
  2876 | D:4      | Found a stormy altar of Qazlal.
  2888 | D:4      | Noticed a phantom
  2923 | D:4      | Killed a phantom
  2923 | D:4      | Reached XP level 7. HP: 34/49 MP: 7/7
  3106 | D:4      | Reached skill level 8 in Stealth
  3136 | D:4      | Found a faded altar of an unknown god.
  3136 | D:4      | Found an iron altar of Okawaru.
  3142 | D:4      | Found an ancient bone altar of Kikubaaqudgha.
  3144 | D:4      | Found a radiant altar of Vehumet.
  3145 | D:4      | Found a faded altar of an unknown god.
  3151 | D:4      | Became a worshipper of Vehumet
  3151 | D:4      | Reached * piety under Vehumet
  3151 | D:4      | Offered knowledge of Sting by Vehumet.
  3151 | D:4      | Reached ** piety under Vehumet
  3154 | D:4      | Learned a level 1 spell: Sting
  3193 | D:4      | Offered knowledge of Magic Dart by Vehumet.
  3196 | D:4      | Learned a level 1 spell: Magic Dart
  3226 | D:4      | Found a hazy altar of Hepliaklqana.
  3375 | D:4      | Noticed Blork the orc
  3397 | D:4      | Killed Blork the orc
  3397 | D:4      | Reached skill level 5 in Fighting
  3397 | D:4      | Reached skill level 5 in Short Blades
  3397 | D:4      | Reached skill level 1 in Poison Magic
  3697 | D:4      | Found Xiluppi's Book Boutique.
  3901 | D:4      | Found a burning altar of Makhleb.
  4050 | D:3      | Slain by an ogre

Skill      XL: |  1  2  3  4  5  6  7 |
---------------+----------------------+-----
Stealth        | 3 4 6 7 8 |  8.8
Fighting       | 4 5 |  5.0
Short Blades   | 4 5 |  5.0
Poison Magic   | 1 |  1.3
Dodging        | |  3.0
Spellcasting   | |  0.3

Action                   |  1- 3 |  4- 6 |  7- 9 || total
-------------------------+-------+-------+-------++-------
Melee: Short sword       |    67 |    13 |       ||    80
       Constrict         |    18 |    25 |     9 ||    52
       Tentacles         |     8 |    13 |     8 ||    29
       Dagger            |       |    71 |    24 ||    95
       Quarterstaff      |       |    30 |    20 ||    50
 Cast: Sting             |       |       |     6 ||     6
Evoke: Wand              |       |     1 |       ||     1
  Use: Scroll            |       |     2 |       ||     2
 Stab: Sleeping          |     9 |    20 |     4 ||    33
       Distracted        |       |     1 |       ||     1
  Eat: Chunk             |       |     6 |     1 ||     7
       Ration            |       |       |     1 ||     1
Armor: Skin              |    17 |    15 |     3 ||    35
Dodge: Dodged            |    46 |    51 |    21 ||   118
